 Dungeon Crawl Stone Soup version 0.23-a0-139-ga22e90c45f (webtiles) character file.

215 Holzbalken the Cudgeler (level 5, -1/32 HPs)
             Began as a Gargoyle Monk on Aug 31, 2018.
             Slain by an ogre
             ... wielding a +0 giant club
              (8 damage)
             ... on level 4 of the Dungeon.
             The game lasted 00:09:27 (2528 turns).

Holzbalken the Cudgeler (Gargoyle Monk)             Turns: 2528, Time: 00:09:28

Health: -1/32      AC: 13    Str: 16    XL:     5   Next: 92%
Magic:  5/5        EV:  9    Int: 10    God:
Gold:   109        SH:  0    Dex: 12    Spells: 4/4 levels left

rFire    + + .     SeeInvis .   a - +0 mace
rCold    x . .     Gourm    .   (no shield)
rNeg     + . .     Faith    .   p - +0 fire dragon scales
rPois    ∞         Spirit   .   (no helmet)
rElec    +         Reflect  .   r - scarf {cloud immunity}
rCorr    .         Harm     .   (no gloves)
MR       .....                  f - +0 pair of boots
Stlth    ..........             (no amulet)
HPRegen  0.10/turn              t - ring of poison resistance
MPRegen  0.09/turn              (no ring)

@: no status effects
A: negative energy resistance 1, electricity resistance, unbreathing,
petrification resistance, rot immunity, AC +4
a: no special abilities


You were on level 4 of the Dungeon.
You were not hungry.

You visited 1 branch of the dungeon, and saw 4 of its levels.

You collected 109 gold pieces.

Inventory:

Hand Weapons
 a - a +0 mace (weapon)
Armour
 b - a +0 robe
 f - a +0 pair of boots (worn)
 m - a +0 plate armour
 p - +0 fire dragon scales (worn)
 r - a scarf of cloud immunity (worn)
Jewellery
 t - a ring of poison resistance (left hand)
Scrolls
 d - 2 scrolls of immolation {unknown}
 e - 5 scrolls of remove curse {unknown}
 h - a scroll of enchant armour {unknown}
 i - 5 scrolls of fog {unknown}
 o - 2 scrolls of teleportation {unknown}
 u - a scroll of enchant weapon {unknown}
Potions
 j - 3 potions of heal wounds {unknown}
 k - a potion of cancellation {unknown}
 l - 2 potions of curing {unknown}
 n - 2 potions of brilliance {unknown}
 q - a potion of agility {unknown}
 s - 3 potions of might {unknown}
 v - a potion of flight {unknown}
Comestibles
 c - 8 rations


   Skills:
 - Level 3.2 Fighting
 * Level 6.4 Maces & Flails
 - Level 2.4 Dodging
 - Level 2.1 Stealth


You had 4 spell levels left.
You didn't know any spells.
Your spell library was empty.

Dungeon Overview and Level Annotations

Branches:
Dungeon (4/15)
 Temple: D:4-7

Altars:
Okawaru


Innate Abilities, Weirdness & Mutations

You are resistant to torment.
Your stone body is resilient. (AC +4)
You are immune to poison.
You resist negative energy. (rN+)
You are resistant to electric shocks. (rElec)
You can survive without breathing.
You are immune to petrification.
You are immune to rotting.


Message History

You now have 109 gold pieces (gained 19).
There is a stone staircase leading down here.
An ogre comes into view. It is wielding a giant club.
The ogre shouts!
You hit the ogre but do no damage. The ogre closely misses you.
You hit the ogre but do no damage. The ogre hits you with a giant club!
You hit the ogre.
The ogre is lightly wounded.
You hit the ogre.
The ogre is moderately wounded.
The ogre hits you with a giant club!
* * * LOW HITPOINT WARNING * * *
All of the chunks of flesh in your inventory have rotted away.
You hit the ogre.
The ogre is moderately wounded.
The ogre closely misses you.
You sock the ogre!
The ogre is severely wounded.
The ogre hits you with a giant club!
You die...

##.##.#.#.#.........O.#
#.##........#......###
#.###............#.#
##.###.##...##....#.#
.......#.....#....#.#
...#......_.......<.#
##.#...#.....#...####
##..>..##...##.#O#
####...........#@#
####..#.......##.####
....................#
#######.....#..####.#
#..#.......##.####
#..#.............#
#........#.##.##.#####
##............##.....#
###.#######.#########.#


You could see an ogre.

Vanquished Creatures
  A quasit (D:3)
  An orc wizard (D:3)
  6 adders
  3 worms
  4 dart slugs
  2 leopard geckos
  5 orcs
  4 bats
  6 giant cockroaches
  3 hobgoblins
  8 jackals
  11 kobolds
  A quokka (D:3)
  A frilled lizard (D:2)
  11 goblins
  10 rats
77 creatures vanquished.

Notes
Turn   | Place    | Note
-------+----------+-------------------------------------------
     0 | D:1      | Holzbalken the Gargoyle Monk began the quest for the Orb.
     0 | D:1      | Reached XP level 1. HP: 14/14 MP: 1/1
   156 | D:1      | Reached XP level 2. HP: 19/19 MP: 2/2
   691 | D:1      | Reached skill level 4 in Maces & Flails
   973 | D:2      | Reached XP level 3. HP: 17/23 MP: 3/3
  1254 | D:2      | Reached XP level 4. HP: 28/28 MP: 4/4
  1306 | D:2      | Reached skill level 5 in Maces & Flails
  1768 | D:3      | Reached XP level 5. HP: 29/32 MP: 5/5
  2063 | D:3      | Reached skill level 6 in Maces & Flails
  2393 | D:4      | Found an iron altar of Okawaru.
  2511 | D:4      | Noticed an ogre
  2528 | D:4      | Slain by an ogre

Vault maps used:
D:1:      evilmike_arrival_hilbert_curve
D:3:      first_ration
D:4:      minmay_crystal_room, okawaru_gym_becter

Skill      XL: |  1  2  3  4  5 |
---------------+----------------+-----
Maces & Flails | 4 5 6 |  6.4
Fighting       | |  3.2
Dodging        | |  2.4
Stealth        | |  2.1

Action                   |  1- 3 |  4- 6 || total
-------------------------+-------+-------++-------
Melee: Mace              |    93 |   220 ||   313
  Eat: Chunk             |     1 |     5 ||     6
Armor: Robe              |    26 |       ||    26
       Plate armour      |     8 |    99 ||   107
       Fire dragon scale |       |   150 ||   150
Dodge: Dodged            |    61 |   173 ||   234

Table legend:
 A = Non-vault XP
 B = Vault XP
 C = Vault XP percentage of total XP
 D = Non-vault monster count
 E = Vault monster count
 F = Vault count percentage of total count
                 A         B        C        D         E       F
            +---------+---------+-------+---------+---------+-------
      Total |     308 |       0 |   0.0 |      77 |       0 |   0.0
            +---------+---------+-------+---------+---------+-------
        D:1 |      32 |       0 |   0.0 |      18 |       0 |   0.0
        D:2 |     117 |       0 |   0.0 |      29 |       0 |   0.0
        D:3 |     139 |       0 |   0.0 |      26 |       0 |   0.0
        D:4 |      20 |       0 |   0.0 |       4 |       0 |   0.0
            +---------+---------+-------+---------+---------+-------
